[Event "Titled Tuesday Blitz May 31 Early 2022"]
[White "Suleymanli, Suleyman"]
[Black "Riehle, Marco"]
[WhiteFideId "13416375"]
[BlackFideId "12904392"]
[WhiteElo "1598"]
[BlackElo "2462"]
[Result "1-0"]
[Round "02"]
[TimeControl "180+1"]
[Date "2022.06.01"]
[WhiteClock "0:00:13"]
[BlackClock "0:00:09"]

1. Nf3 c5 2. g3 Nc6 3. d4 cxd4 4. Nxd4 e5 5. Nxc6 dxc6 6. Qxd8+ Kxd8 7. Bg2 Kc7 8. O-O Bc5 9. Nd2 f6 10. Ne4 Be7 11. Be3 b6 12. Nc3 Be6 13. f4 exf4 14. Bxf4+ Bd6 15. Nb5+ cxb5 16. Bxd6+ Kxd6 17. Bxa8 Ne7 18. Bf3 Nf5 19. Rad1+ Ke7 20. Kf2 b4 21. Rd3 Rc8 22. Rd2 Nd6 23. b3 a5 24. Rfd1 Nb5 25. Ra1 Nc3 26. Rd3 Bf5 27. Re3+ Kf7 28. a3 Bxc2 29. axb4 Nd1+ 30. Rxd1 Bxd1 31. bxa5 bxa5 32. Bd5+ Kf8 33. Ke1 Bc2 34. Kd2 Bg6 35. Be6 Rc2+ 36. Ke1 Ra2 37. Bc4 a4 38. bxa4 Rxa4 39. Bd3 Bxd3 40. Rxd3 Ra2 41. Kf2 Kf7 42. Kf3 Kg6 43. h4 h5 44. e3 Ra5 45. Rd4 Kf5 46. Rf4+ Ke6 47. Rb4 g5 48. Rb6+ Kf5 49. e4+ Kg6 50. hxg5 Kxg5 51. Rb3 Rc5 52. Rd3 Kg6 53. Kf4 Rc1 54. Rf3 Re1 55. Rf2 Rh1 56. Rf3 Kf7 57. e5 Kg6 58. e6 Ra1 59. Re3 Ra8 60. g4 Ra4+ 61. Kg3 Ra8 62. gxh5+ Kxh5 63. Kf4 Kg6 64. Rg3+ Kh7 65. Kf5 Ra1 66. Kxf6 Rf1+ 67. Ke7 Rd1 68. Kf7 Rf1+ 69. Ke8 Rd1 70. e7 Kh8 71. Rg4 Kh7 72. Kf7 Rf1+ 73. Ke6 Re1+ 74. Kf6 Re2 75. Rg5 Rf2+ 76. Ke6 Kh6 77. Re5 Rg2 78. e8=Q Kg7 79. Qf7+ Kh8 80. Rh5# 1-0


[Site "https://www.chess.com"]

[Event "Titled Tuesday Blitz May 31 Early 2022"]
[White "Svane, Frederik"]
[Black "Kalashian, David"]
[WhiteFideId "12923044"]
[BlackFideId "13302418"]
[WhiteElo "2459"]
[BlackElo "2490"]
[Result "1-0"]
[Round "02"]
[TimeControl "180+1"]
[Date "2022.05.31"]
[WhiteClock "0:00:41"]
[BlackClock "0:00:04"]

1. c4 Nf6 2. Nc3 g6 3. g3 Bg7 4. Bg2 O-O 5. d3 c6 6. e4 d6 7. Nge2 c5 8. O-O Nc6 9. Be3 a6 10. h3 Rb8 11. a4 Ne8 12. d4 cxd4 13. Nxd4 Bd7 14. Qd2 Rc8 15. b3 Nf6 16. Rad1 Re8 17. Nd5 Nxd5 18. Nxc6 bxc6 19. exd5 c5 20. g4 Rb8 21. Rb1 Qc7 22. Rfe1 Rb7 23. Be4 Reb8 24. Bc2 e6 25. dxe6 Bxe6 26. Rbd1 Rb6 27. a5 R6b7 28. Qxd6 Qxa5 29. Bxc5 Bf8 30. Qf4 Qxc5 31. h4 a5 32. h5 a4 33. hxg6 hxg6 34. Bxg6 axb3 35. Be4 b2 36. Qh2 Bg7 37. Bxb7 b1=Q 38. Rxb1 Qxc4 39. Qxb8+ Kh7 40. Be4+ Kh6 41. Qf4# 1-0


[Site "https://www.chess.com"]

[Event "Titled Tuesday Blitz May 31 Early 2022"]
[White "Talibov, Shiroghlan"]
[Black "Nakamura, Hikaru"]
[WhiteFideId "13429078"]
[BlackFideId "2016192"]
[WhiteElo "2042"]
[BlackElo "2850"]
[Result "0-1"]
[Round "02"]
[TimeControl "180+1"]
[Date "2022.05.31"]
[WhiteClock "0:00:01"]
[BlackClock "0:00:25"]

1. c4 e5 2. Nc3 Nf6 3. Nf3 Nc6 4. e4 Bb4 5. d3 d6 6. Be2 Bg4 7. Be3 Bc5 8. h3 Bxf3 9. Bxf3 O-O 10. O-O Re8 11. g3 Nd7 12. Bg2 Nf8 13. Qd2 Ne6 14. Kh2 g6 15. f4 exf4 16. gxf4 f5 17. exf5 Bxe3 18. Qxe3 Ned4 19. Bd5+ Kh8 20. Qf2 Nxf5 21. Ne4 Ncd4 22. Rae1 c6 23. Ng5 Qf6 24. Bg2 h6 25. Ne4 Qg7 26. Rg1 Re6 27. Nc3 Rae8 28. Rxe6 Rxe6 29. Re1 Qe7 30. Re4 Qf6 31. Rxe6 Nxe6 32. Ne4 Qd4 33. Qd2 Ne3 34. Qf2 d5 35. cxd5 cxd5 36. Qh4 Nf5 37. Qg4 Kg7 38. Nc3 h5 39. Qf3 Qxf4+ 40. Qxf4 Nxf4 41. Nxd5 Nxd3 42. b3 b6 43. Be4 Nc1 44. Bb1 Nd4 45. Nb4 Nb5 46. Nc6 Nc3 47. Bc2 a5 48. a3 Nb5 49. a4 Na3 50. Bd1 Nd3 0-1


[Site "https://www.chess.com"]

[Event "Titled Tuesday Blitz May 31 Early 2022"]
[White "Tarigan, Gilbert Elroy"]
[Black "Martinez Alcantara, Jose Eduardo"]
[WhiteFideId "7108133"]
[BlackFideId "3805662"]
[WhiteElo "1908"]
[BlackElo "2690"]
[Result "0-1"]
[Round "02"]
[TimeControl "180+1"]
[Date "2022.05.31"]
[WhiteClock "0:00:02"]
[BlackClock "0:00:06"]

1. d4 Nf6 2. Nf3 e6 3. c4 Bb4+ 4. Nc3 b6 5. g3 Bb7 6. Bg2 Bxc3+ 7. bxc3 O-O 8. O-O Be4 9. Bh3 h6 10. Nd2 Bb7 11. Re1 d6 12. e4 e5 13. a4 Nc6 14. Bb2 Re8 15. f4 Na5 16. Bg2 c5 17. d5 Ba6 18. Bf1 Rb8 19. Qf3 Rb7 20. f5 Kf8 21. Bd3 Ke7 22. Qe2 Kd7 23. Nb1 Kc8 24. Na3 Kb8 25. Nb5 Rd7 26. Rab1 Bb7 27. Bc1 Rg8 28. Rf1 Nh7 29. Be3 a6 30. Na3 Ka7 31. Rb2 Bc8 32. Rfb1 Rb7 33. Kg2 Bd7 34. Bc2 Qe8 35. Ra1 Nf6 36. Rbb1 Kb8 37. Rf1 Rh8 38. Kg1 Qd8 39. Kg2 Be8 40. Kg1 g5 41. h3 Rg8 42. Kg2 Bd7 43. Rfb1 Qe8 44. Rf1 Qe7 45. Rfb1 Ka7 46. Rc1 Ra8 47. Rcb1 Kb8 48. Rb2 Qe8 49. Rab1 Kc7 50. Ra2 Kd8 51. Qd1 Ke7 52. Qe2 Bxa4 53. Bd3 Rab8 54. Rh1 Qg8 55. h4 Qg7 56. hxg5 hxg5 57. Kg1 Rg8 58. Rh3 Rbb8 59. Qh2 Rh8 60. Rb2 Rxh3 61. Qxh3 Kd7 62. Qg2 Kc7 63. Nb1 Bd7 64. Nd2 Ng4 65. Qe2 Nxe3 66. Qxe3 f6 67. Be2 Qh7 68. Bf3 Be8 69. Bg2 Rb7 70. Ra2 Kb8 71. Kf2 Ka7 72. Nf1 Nxc4 73. Qe2 Na5 74. Nd2 Bb5 75. c4 Be8 76. Ra1 Qh5 77. Bf3 Qf7 78. Rh1 Qe7 79. Ra1 Kb8 80. Qd3 Qc7 81. Rh1 Ka7 82. Rh8 Rb8 83. Qf1 Ba4 84. Rh6 Rf8 85. Qh1 b5 86. Bh5 Kb6 87. Bg6 Rd8 88. Rh7 Rd7 89. Rh8 Nxc4 90. Nxc4+ bxc4 91. Qa1 Bb5 92. Be8 Rd8 93. Bxb5 axb5 94. Rh6 Qe7 95. Qh1 c3 96. Rh7 Qf8 97. Qa1 Ra8 98. Qxc3 Ra2+ 99. Kg1 Qa8 100. Rd7 Ra1+ 101. Kg2 Qa2+ 102. Kh3 Rh1+ 103. Kg4 Qe2+ 104. Qf3 Qxf3+ 105. Kxf3 c4 106. Rxd6+ Kb7 107. Rxf6 Rc1 108. Rc6 b4 109. f6 b3 110. Rc5 Kb6 111. Rc8 Ka7 112. f7 b2 113. Kg4 Rf1 114. f8=Q Rxf8 115. Rxf8 b1=Q 116. Rc8 Qxe4+ 0-1


[Site "https://www.chess.com"]

[Event "Titled Tuesday Blitz May 31 Early 2022"]
[White "Tasev, Dejan"]
[Black "Xu, Yi"]
[WhiteFideId "936618"]
[BlackFideId "8605564"]
[WhiteElo "2253"]
[BlackElo "2471"]
[Result "0-1"]
[Round "02"]
[TimeControl "180+1"]
[Date "2022.06.01"]
[WhiteClock "0:00:09"]
[BlackClock "0:00:48"]

1. e4 c5 2. Nf3 d6 3. Nc3 Nf6 4. d4 cxd4 5. Nxd4 a6 6. Bc4 e6 7. Bb3 b5 8. a3 Nbd7 9. f3 Qc7 10. Be3 h5 11. Qd2 Ne5 12. O-O-O Be7 13. h4 Rb8 14. f4 Nc4 15. Qe1 Bd7 16. f5 e5 17. Nf3 a5 18. Nd5 Nxd5 19. Rxd5 Bc6 20. Bxc4 bxc4 21. Rxa5 Bxe4 22. Ng5 Bxf5 23. Rf1 Bg6 24. Ra7 Qd8 25. Qg3 Bxg5 26. hxg5 O-O 27. Qf3 c3 28. b3 Qc8 29. Qd5 Qg4 30. Qf3 Qe6 31. Qc6 Rxb3 32. cxb3 Qxb3 33. Rf2 Qb1# 0-1


[Site "https://www.chess.com"]

[Event "Titled Tuesday Blitz May 31 Early 2022"]
[White "Thomas, Anysia"]
[Black "Keller, Peter"]
[WhiteFideId "670472"]
[BlackFideId "1272105"]
[WhiteElo "2002"]
[BlackElo "2275"]
[Result "0-1"]
[Round "02"]
[TimeControl "180+1"]
[Date "2022.06.01"]
[WhiteClock "0:00:06"]
[BlackClock "0:00:07"]

1. d4 Nf6 2. Nf3 d5 3. c4 e6 4. g3 Bb4+ 5. Bd2 a5 6. Bg2 O-O 7. O-O dxc4 8. Qc2 b5 9. a4 c6 10. axb5 Bxd2 11. Nfxd2 Qxd4 12. Nc3 Nd5 13. bxc6 Nxc6 14. Nf3 Qb6 15. Nxd5 exd5 16. Ng5 g6 17. Bxd5 Nb4 18. Qxc4 h6 19. Bxf7+ Kg7 20. Ne6+ Kxf7 21. Nxf8+ Kxf8 22. Qf4+ Kg7 23. Qe5+ Qf6 24. Qc7+ Qf7 25. Qc3+ Kh7 26. Rad1 Bb7 27. f3 Nd5 28. Qd4 Rc8 29. e4 Nb4 30. Rd2 Rc7 31. Rfd1 Nc2 32. Qd8 Bc6 33. Rd6 Nb4 34. b3 Re7 35. Qc8 Qxf3 36. Qxc6 Qxd1+ 37. Kg2 Qe2+ 38. Kh3 Qxe4 39. Qxe4 Rxe4 40. Rd7+ Kg8 41. Rd8+ Kf7 42. Rd7+ Kf6 43. Ra7 Re5 44. Ra6+ Kf5 45. Ra7 h5 46. Rf7+ Kg5 47. Rf1 Rf5 48. Rc1 Nd3 49. Rc3 Nf2+ 50. Kg2 Ng4 51. h3 Ne5 52. h4+ Kf6 53. Rc8 Nf7 54. Rc6+ Ke7 55. Rc7+ Ke6 56. Rc6+ Nd6 57. Ra6 Rb5 58. Kh3 Kd5 59. Kg2 Kc5 60. Kh3 Ne4 61. Rxg6 Rxb3 62. Rh6 Rb5 63. Rxh5+ Kc4 64. Rh8 a4 65. Rc8+ Nc5 66. h5 a3 67. Ra8 Kb3 68. h6 Na4 69. Kg2 a2 70. h7 Rh5 71. h8=Q Rxh8 72. Rxh8 a1=Q 73. Rb8+ Kc4 74. Rc8+ Nc5 75. Rf8 Qb2+ 76. Rf2 Qe5 77. Kh3 Ne4 78. Kg2 Nxf2 79. Kxf2 Kd3 80. Kf3 Qe4+ 81. Kf2 Qe3+ 82. Kg2 Ke4 83. Kh3 Kf3 84. g4 Qh6# 0-1


[Site "https://www.chess.com"]

[Event "Titled Tuesday Blitz May 31 Early 2022"]
[White "Toncheva, Nadya"]
[Black "Darini, Pouria"]
[WhiteFideId "2924056"]
[BlackFideId "12502200"]
[WhiteElo "1888"]
[BlackElo "2483"]
[Result "0-1"]
[Round "02"]
[TimeControl "180+1"]
[Date "2022.06.01"]
[WhiteClock "0:00:04"]
[BlackClock "0:00:10"]

1. e4 c5 2. Nf3 Nc6 3. d4 cxd4 4. Nxd4 Nf6 5. Nc3 d6 6. Bg5 e6 7. Qd2 a6 8. O-O-O Bd7 9. f4 Be7 10. Nf3 b5 11. Bxf6 gxf6 12. f5 Qa5 13. Kb1 O-O-O 14. Nd4 Qb6 15. Nb3 h5 16. Be2 Kb8 17. Rhe1 Rc8 18. Bf3 Ne5 19. Qd4 Ka7 20. Ne2 h4 21. Nf4 Rhg8 22. Nd3 Nc6 23. Qxb6+ Kxb6 24. Nf4 Rc7 25. c3 Ka7 26. Nd4 Nd8 27. fxe6 fxe6 28. Nc2 Kb6 29. Ne2 Nf7 30. Rd2 Ne5 31. Red1 Bc6 32. Ned4 Bd7 33. h3 Rg3 34. Rf2 a5 35. Be2 Rg6 36. Nf3 Nxf3 37. Bxf3 Rc5 38. Nd4 Re5 39. Re1 Bc8 40. Bd1 Bb7 41. Bc2 b4 42. Nf3 Rh5 43. e5 f5 44. exd6 Bxd6 45. Nd4 Bd5 46. cxb4 Bxb4 47. Rd1 Bc5 48. a3 Rhh6 49. Re2 Rxg2 50. Rxg2 Bxg2 51. Nb3 Bf2 52. Rd2 Bxh3 53. Bd3 Be3 54. Re2 Bf4 55. Bc4 e5 56. Bd5 e4 57. Bc4 Be5 58. Kc2 Bg4 59. Re1 h3 60. Nd2 h2 61. Rh1 Bf3 62. Nxf3 exf3 63. Bf1 Bd4 64. b4 Bg1 65. Kd3 axb4 66. axb4 Rd6+ 67. Kc2 Rd4 68. Kc3 Re4 69. Kc2 Re1 70. Bd3 f4 71. Kd2 f2 72. Bc4 f1=Q 73. Bxf1 Rxf1 74. Ke2 Rb1 75. Rxg1 hxg1=Q 0-1


[Site "https://www.chess.com"]

[Event "Titled Tuesday Blitz May 31 Early 2022"]
[White "Turzo, Attila"]
[Black "Vajda, Levente"]
[WhiteFideId "704954"]
[BlackFideId "1203975"]
[WhiteElo "2538"]
[BlackElo "2573"]
[Result "0-1"]
[Round "02"]
[TimeControl "180+1"]
[Date "2022.06.01"]
[WhiteClock "0:00:03"]
[BlackClock "0:00:13"]

1. d4 d5 2. Nf3 Nf6 3. c3 e6 4. Bf4 Bd6 5. e3 Bxf4 6. exf4 Nbd7 7. Nbd2 c5 8. Bd3 O-O 9. O-O Re8 10. g3 cxd4 11. Nxd4 Nc5 12. Be2 a6 13. N2f3 b5 14. Ne5 Bb7 15. Bf3 Rc8 16. Re1 Nce4 17. a4 bxa4 18. Rxa4 Nc5 19. Ra3 Qb6 20. Qa1 Nfd7 21. Nxd7 Nxd7 22. Be2 Nc5 23. Bf1 f6 24. Nf3 Ne4 25. Re2 e5 26. fxe5 fxe5 27. Bg2 Rf8 28. Qe1 Rce8 29. Nd2 Nc5 30. Rxe5 Nd3 31. Qe3 Qxe3 32. Rxe3 Rxe3 33. fxe3 Rf2 34. Nf1 Rxb2 35. Ra5 Rxg2+ 36. Kxg2 d4+ 37. Kg1 dxc3 38. Ra2 Nb4 39. Ra3 c2 40. Rc3 Be4 41. Nd2 Bd3 42. Nb3 a5 43. Nc1 Bg6 44. Ra3 Nc6 45. Rc3 Ne5 46. Rc5 Ng4 47. Rxa5 Nxe3 48. Kf2 Ng4+ 49. Kg2 Be4+ 50. Kg1 g6 51. Rc5 h5 52. h3 Nf6 53. Kf2 Bf5 0-1


[Site "https://www.chess.com"]

[Event "Titled Tuesday Blitz May 31 Early 2022"]
[White "Vokhidov, Shamsiddin"]
[Black "Hua, Lefong"]
[WhiteFideId "14204223"]
[BlackFideId "2602253"]
[WhiteElo "2611"]
[BlackElo "2636"]
[Result "1/2-1/2"]
[Round "02"]
[TimeControl "180+1"]
[Date "2022.05.31"]
[WhiteClock "0:00:09"]
[BlackClock "0:00:47"]

1. e4 c5 2. Nf3 g6 3. d4 cxd4 4. Qxd4 Nf6 5. Nc3 Nc6 6. Qa4 d6 7. e5 dxe5 8. Nxe5 Bg7 9. Bb5 O-O 10. Nxc6 bxc6 11. Bxc6 Bd7 12. Bxd7 Qxd7 13. Qxd7 Nxd7 14. Bd2 Rfc8 15. O-O-O Nb6 16. Rhe1 e6 17. Ne4 Nc4 18. Bc3 Bxc3 19. Nxc3 Nxb2 20. Kxb2 Rab8+ 21. Kc1 Rxc3 22. Rd3 Rxd3 23. cxd3 Kf8 24. Re4 Ke7 25. Ra4 Rb7 26. Kc2 Kd7 27. Kc3 h5 28. h4 Kc6 29. f3 Kd5 30. Ra5+ Kd6 31. g4 Rc7+ 32. Kd4 f5 33. Ra6+ Ke7 34. gxh5 gxh5 35. Ke5 Rc5+ 36. Kf4 Kf6 37. Rxa7 Rc2 38. Ra6 Rh2 39. Kg3 Rd2 40. Ra3 Ke5 41. Ra5+ Kf6 42. Ra3 Ke5 43. f4+ Kf6 44. Kf3 Kg6 45. Ra6 Rxd3+ 46. Ke2 Rh3 47. Rxe6+ Kf7 48. Re5 Kf6 49. a4 Rxh4 50. Kf3 Rh3+ 51. Kf2 Ra3 52. a5 h4 53. Rb5 h3 54. Rb6+ Kg7 55. a6 Kf7 56. Kg1 Ra2 57. Kh1 h2 58. Rh6 Kg7 59. Rb6 Kf7 60. Rc6 Kg7 61. Rd6 Kf7 62. Rb6 Kg7 63. Rb7+ Kg6 64. a7 Kh6 65. Rc7 Kg6 66. Rd7 Kh6 67. Rf7 Kg6 68. Rb7 Kh6 69. Rb6+ Kg7 70. Rb5 Kg6 71. Rb7 1/2-1/2


[Site "https://www.chess.com"]

[Event "Titled Tuesday Blitz May 31 Early 2022"]
[White "Wagner, Dennis"]
[Black "Szalay, Karoly"]
[WhiteFideId "24650684"]
[BlackFideId "2600544"]
[WhiteElo "2355"]
[BlackElo "2436"]
[Result "1-0"]
[Round "02"]
[TimeControl "180+1"]
[Date "2022.06.01"]
[WhiteClock "0:00:13"]
[BlackClock "0:00:16"]

1. e4 e5 2. Nf3 Nc6 3. Bc4 Nf6 4. d3 Bc5 5. c3 d6 6. O-O O-O 7. Re1 a6 8. a4 Be6 9. Bxe6 fxe6 10. b4 Bb6 11. Be3 Bxe3 12. Rxe3 b5 13. Na3 Rb8 14. Qb3 Qd7 15. h3 h6 16. Nc2 Nh5 17. g3 Rf7 18. Kg2 g5 19. axb5 axb5 20. d4 exd4 21. cxd4 Rbf8 22. Ra6 e5 23. dxe5 Nxe5 24. Nxe5 dxe5 25. Rf3 Kg7 26. Rxf7+ Rxf7 27. Ne3 Rf6 28. Nf5+ Kh7 29. Ra8 Qf7 30. Qxf7+ Rxf7 31. Rb8 Ng7 32. Nxg7 Kxg7 33. Rxb5 Kf6 34. Rc5 Rd7 35. Kf3 Rd3+ 36. Kg4 Rd4 37. f3 Rxb4 38. Rc6+ Kg7 39. Rxc7+ Kg6 40. Rc6+ Kg7 41. Re6 Rb5 42. h4 gxh4 43. Kxh4 Rb3 44. Kg4 Rb5 45. Kf5 Rb3 46. f4 exf4 47. gxf4 Rb5+ 48. e5 Rb1 49. Re7+ Kf8 50. Ra7 Rb6 51. e6 h5 52. Kf6 Kg8 53. f5 h4 54. Rg7+ Kh8 55. Rg5 Rb7 56. e7 Rb6+ 57. Kf7 Rb8 58. Rh5# 1-0


[Site "https://www.chess.com"]

[Event "Titled Tuesday Blitz May 31 Early 2022"]
[White "Yang, Kaiqi"]
[Black "Vidit, Santosh Gujrathi"]
[WhiteFideId "8604398"]
[BlackFideId "5029465"]
[WhiteElo "2373"]
[BlackElo "2654"]
[Result "0-1"]
[Round "02"]
[TimeControl "180+1"]
[Date "2022.05.31"]
[WhiteClock "0:00:10"]
[BlackClock "0:00:20"]

1. d4 e6 2. e4 d5 3. e5 c5 4. c3 Nc6 5. Nf3 Bd7 6. Be2 Nge7 7. O-O Ng6 8. g3 f6 9. Bd3 fxe5 10. Bxg6+ hxg6 11. dxe5 Be7 12. h4 O-O 13. Re1 Rf5 14. Bf4 Qb6 15. Qd2 Raf8 16. Na3 Qa6 17. Nc2 Rxf4 18. gxf4 Qc4 19. b3 Qxf4 20. Qxf4 Rxf4 21. Kg2 Bxh4 22. Nxh4 Rxh4 23. Kg3 g5 24. Rad1 Be8 25. Rh1 Bg6 26. Ne3 Rf4 27. Nxd5 exd5 28. Rxd5 Be4 29. Rhd1 Rf3+ 30. Kg4 Bxd5 31. Rxd5 Rxf2 32. Rxc5 Rxa2 33. Kxg5 Re2 34. Kf5 Kf7 35. b4 g6+ 36. Kf4 Ke6 37. b5 Rxe5 0-1


[Site "https://www.chess.com"]

[Event "Titled Tuesday Blitz May 31 Early 2022"]
[White "Yilmaz, Mustafa"]
[Black "Suder, Jakub"]
[WhiteFideId "6302718"]
[BlackFideId "1195310"]
[WhiteElo "2568"]
[BlackElo "2058"]
[Result "1-0"]
[Round "02"]
[TimeControl "180+1"]
[Date "2022.05.31"]
[WhiteClock "0:02:04"]
[BlackClock "0:02:11"]

1. c4 e6 2. Nc3 d5 3. d4 a6 4. cxd5 exd5 5. Qb3 c5 6. Nf3 Nc6 7. Nxd5 Be6 8. e4 Nxd4 9. Nxd4 cxd4 10. Qxb7 Ne7 11. Nc7+ 1-0


[Site "https://www.chess.com"]

[Event "Titled Tuesday Blitz May 31 Early 2022"]
[White "Agibileg, Uurtsaikh"]
[Black "Dubov, Daniil"]
[WhiteFideId "4901606"]
[BlackFideId "24126055"]
[WhiteElo "2205"]
[BlackElo "2791"]
[Result "0-1"]
[Round "03"]
[TimeControl "180+1"]
[Date "2022.05.31"]
[WhiteClock "0:00:53"]
[BlackClock "0:01:09"]

1. d4 Nf6 2. c4 e6 3. Nc3 Bb4 4. f3 d5 5. a3 Bd6 6. e4 c5 7. cxd5 cxd4 8. Qxd4 exd5 9. Bg5 Nc6 10. Bb5 O-O 11. Bxc6 bxc6 12. Nge2 Re8 13. Qxd5 cxd5 14. Nxd5 Ba6 15. Nec3 Be5 16. O-O-O Qa5 17. Nxf6+ gxf6 18. Rd5 Qb6 19. Bd2 Rab8 20. b4 Rbc8 21. Kb2 Qf2 22. Rc1 Red8 23. Rc2 Rxd5 24. exd5 Bd3 0-1


[Site "https://www.chess.com"]

[Event "Titled Tuesday Blitz May 31 Early 2022"]
[White "Aravindh, Chithambaram VR."]
[Black "Suleymanli, Suleyman"]
[WhiteFideId "5072786"]
[BlackFideId "13416375"]
[WhiteElo "2561"]
[BlackElo "1598"]
[Result "1-0"]
[Round "03"]
[TimeControl "180+1"]
[Date "2022.05.31"]
[WhiteClock "0:00:07"]
[BlackClock "0:00:10"]

1. e3 e6 2. Nf3 d5 3. b3 Nf6 4. Bb2 Bd6 5. c4 b6 6. Nc3 Bb7 7. Rc1 a6 8. cxd5 exd5 9. d4 Nbd7 10. g3 O-O 11. Bg2 Qe7 12. O-O Ne4 13. Ne2 Rac8 14. Nf4 Rfd8 15. Nd3 c5 16. Nfe5 Bxe5 17. Nxe5 Nxe5 18. dxe5 c4 19. Bd4 b5 20. f4 Nc5 21. f5 Qg5 22. Rb1 c3 23. Rc1 Ne4 24. Rf4 b4 25. e6 f6 26. Qf3 Nd2 27. Qe2 Ne4 28. Bh3 h5 29. Bg2 Bc6 30. Bf3 Bb5 31. Qg2 Nd2 32. Bd1 Ne4 33. Bc2 a5 34. Bxe4 dxe4 35. Qxe4 Bc6 36. Qd3 h4 37. Rxh4 Rd5 38. Rf4 Rd6 39. Qf1 Rcd8 40. Qf2 Bd5 41. h4 Qh5 42. g4 Qe8 43. h5 Bb7 44. Kh2 Qc6 45. Kg3 Rxd4 46. Rxd4 Rxd4 47. exd4 Qe4 48. Qf4 Qg2+ 49. Kh4 Kh7 50. e7 Bc6 51. d5 Be8 52. d6 c2 53. Re1 c1=Q 54. Rxc1 Qe2 55. Rg1 Qd3 56. Qg3 Qd5 57. Re1 Qd4 58. Kh3 Qd5 59. Kh2 Qd2+ 60. Kh3 Bc6 61. h6 Be8 62. hxg7 Kxg7 63. g5 fxg5 64. Qe3 Qd5 65. Qe5+ Qxe5 66. Rxe5 Kf6 67. Rxa5 Bd7 68. Kg3 Kf7 69. Ra8 Be8 70. Rd8 g4 71. Kxg4 Bb5 72. Rf8+ Kg7 73. Kg5 Be2 74. e8=Q Bh5 75. Qe7+ Bf7 76. Qxf7# 1-0


[Site "https://www.chess.com"]

[Event "Titled Tuesday Blitz May 31 Early 2022"]
[White "Barp, Alberto"]
[Black "Baches Garcia, Guillermo"]
[WhiteFideId "872555"]
[BlackFideId "2209764"]
[WhiteElo "2229"]
[BlackElo "2490"]
[Result "1-0"]
[Round "03"]
[TimeControl "180+1"]
[Date "2022.06.01"]
[WhiteClock "0:00:06"]
[BlackClock "0:00:05"]

1. d4 Nf6 2. Bf4 e6 3. e3 d5 4. Bd3 c5 5. c3 Nc6 6. Nf3 Nh5 7. Bg5 Qb6 8. Qc1 c4 9. Bc2 h6 10. Bh4 g5 11. Bg3 Nxg3 12. hxg3 Bg7 13. Nbd2 g4 14. Ng1 e5 15. Ne2 f6 16. Bg6+ Ke7 17. Rh5 Be6 18. Qc2 Qa5 19. Bf5 Bf7 20. Bg6 Be6 21. Bf5 Bf7 22. Bxg4 Bxh5 23. Bxh5 e4 24. Nf4 Kd7 25. Bg4+ Kd6 26. b4 Qd8 27. b5 Ne7 28. Qa4 f5 29. Bh5 Qd7 30. Bf7 Kc7 31. Rb1 Kb8 32. Qb4 Rd8 33. Ne6 Rf8 34. Nxf8 Bxf8 35. Qb2 b6 36. a4 a5 37. bxa6 Rxa6 38. a5 Kb7 39. axb6 Nc6 40. Bg8 Be7 41. Qb5 Ra5 42. Qb2 Bd8 43. Ra1 Bxb6 44. Rxa5 Nxa5 45. Kf1 Kc7 46. Kg1 Nb3 47. Nxb3 Qb5 48. Qa3 Qxb3 49. Qe7+ Kb8 50. Bxd5 Ba5 51. Qe8+ Kc7 52. Qc6+ Kd8 53. Qd6+ Kc8 54. Qc6+ Kd8 55. Be6 Ke7 56. Qd7+ Kf6 57. Qf7+ Kg5 58. Qg7+ 1-0


[Site "https://www.chess.com"]

[Event "Titled Tuesday Blitz May 31 Early 2022"]
[White "Bharath Subramaniyam H"]
[Black "Dounis, Alexandros"]
[WhiteFideId "46634827"]
[BlackFideId "4213238"]
[WhiteElo "2242"]
[BlackElo "2204"]
[Result "1-0"]
[Round "03"]
[TimeControl "180+1"]
[Date "2022.06.01"]
[WhiteClock "0:00:09"]
[BlackClock "0:00:01"]

1. e4 e5 2. Nf3 Nc6 3. d4 exd4 4. Nxd4 Bb4+ 5. c3 Bc5 6. Be3 Bb6 7. Nf5 g6 8. Bxb6 axb6 9. Ne3 Nf6 10. Nd2 O-O 11. Be2 d5 12. exd5 Nxd5 13. Nxd5 Qxd5 14. O-O Rd8 15. Nb3 Be6 16. Qc1 Qf5 17. Bf3 Bd5 18. Bxd5 Rxd5 19. h3 Rad8 20. Re1 Kg7 21. Qe3 Rd3 22. Qe2 R8d6 23. Qf1 Qg5 24. Kh1 R3d5 25. Re2 Rf6 26. Rae1 Ne5 27. Nd4 Nd3 28. Rd1 Nf4 29. Red2 Qh5 30. Kh2 Rg5 31. g3 Ne6 32. Nxe6+ Rxe6 33. f4 Rc5 34. Qf2 Re7 35. Qd4+ Kh6 36. g4 Qh4 37. Qd8 Qf6 38. Qf8+ Qg7 39. g5+ 1-0


[Site "https://www.chess.com"]

[Event "Titled Tuesday Blitz May 31 Early 2022"]
[White "Bintang, Rasyid A. Hidayat"]
[Black "De La Colina, Nicolas"]
[WhiteFideId "7105355"]
[BlackFideId "30946921"]
[WhiteElo "2433"]
[BlackElo "2046"]
[Result "1-0"]
[Round "03"]
[TimeControl "180+1"]
[Date "2022.06.01"]
[WhiteClock "0:00:22"]
[BlackClock "0:00:09"]

1. d4 Nf6 2. Bf4 c5 3. d5 d6 4. Nc3 g6 5. e4 Bg7 6. Nf3 Qa5 7. Nd2 Nbd7 8. Nc4 Qc7 9. a4 O-O 10. Be2 Nb6 11. Ne3 Nbd7 12. a5 Re8 13. Nc4 a6 14. O-O Ne5 15. Bxe5 dxe5 16. Re1 Rd8 17. Qd2 Ne8 18. Na4 Nd6 19. Nab6 Rb8 20. f3 Bd7 21. b3 Be8 22. Qg5 f6 23. Qg4 Bf7 24. Bd3 Re8 25. Rad1 e6 26. Nxd6 Qxd6 27. Bc4 exd5 28. Bxd5 Qc7 29. Bxf7+ Qxf7 30. Rd7 Re7 31. Red1 Rbe8 32. Rxe7 Rxe7 33. Qc8+ Re8 34. Qxc5 Bf8 35. Qd5 Bb4 36. Qxf7+ Kxf7 37. Nc4 Ke6 38. Kf2 Rc8 39. Ke2 Rc5 40. Ra1 f5 41. Kd3 Rc8 42. c3 Rd8+ 43. Kc2 Bc5 44. b4 Be7 45. Rd1 Rc8 46. Kb3 Bf6 47. Nb6 Re8 48. Nd5 Bd8 49. c4 Rf8 50. Re1 h5 51. c5 Bh4 52. Re2 Bd8 53. Kc4 h4 54. Nc3 g5 55. exf5+ Kxf5 56. Ne4 Be7 57. Nd6+ Ke6 58. Nxb7 Rb8 59. Nd6 Bxd6 60. cxd6 Kxd6 61. Rd2+ Ke6 62. Rd5 Rc8+ 63. Rc5 Rb8 64. Rc6+ Kf5 65. Rxa6 Rc8+ 66. Kd5 Rc2 67. Rc6 Rd2+ 68. Kc5 Rxg2 69. a6 Ra2 70. Kb6 Kf4 71. Rc3 g4 72. fxg4 e4 73. a7 e3 74. Kb7 e2 75. Rc1 Kf3 76. a8=Q Rxa8 77. Kxa8 Kxg4 78. Re1 Kh3 79. Rxe2 Kg4 80. Rg2+ Kf3 81. Rg8 h3 82. b5 Kf4 83. b6 Kf5 84. b7 Kf6 85. b8=Q Kf7 86. Qf8+ Ke6 87. Rg7 Kd5 88. Re7 Kd4 89. Qf6+ Kd5 90. Qe5+ Kc6 91. Rc7+ Kb6 92. Qc5+ Ka6 93. Ra7# 1-0


[Site "https://www.chess.com"]

[Event "Titled Tuesday Blitz May 31 Early 2022"]
[White "Bluebaum, Matthias"]
[Black "Skliarov, Viktor"]
[WhiteFideId "24651516"]
[BlackFideId "14106736"]
[WhiteElo "2556"]
[BlackElo "2229"]
[Result "1/2-1/2"]
[Round "03"]
[TimeControl "180+1"]
[Date "2022.05.31"]
[WhiteClock "0:00:09"]
[BlackClock "0:00:08"]

1. d4 Nf6 2. c4 e6 3. Nc3 Bb4 4. e3 b6 5. Bd3 Bb7 6. Nf3 Ne4 7. O-O Bxc3 8. bxc3 O-O 9. Qc2 f5 10. Nd2 Qh4 11. f3 Nxd2 12. Bxd2 d6 13. e4 fxe4 14. Bxe4 Bxe4 15. Qxe4 Qxe4 16. fxe4 Nc6 17. c5 bxc5 18. dxc5 dxc5 19. Be3 c4 20. Rab1 a6 21. Rb7 Rxf1+ 22. Kxf1 Rc8 23. Ke2 e5 24. Bc5 Kf7 25. Bd6 Na5 26. Ra7 Nc6 27. Rb7 Na5 28. Rxc7+ Rxc7 29. Bxc7 Nc6 30. Ke3 Kf6 31. Bd6 Ke6 32. Bc5 Kf6 33. Kf3 Kg5 34. Kg3 Kh5 35. Kh3 Kg5 36. Be3+ Kh5 37. g4+ Kg6 38. Bc5 Kg5 39. Kg3 Kg6 40. Kh4 Kh6 41. Be3+ Kg6 42. h3 Kf6 43. Kh5 Ke6 44. g5 Kf7 45. Bc5 Ke6 46. g6 h6 47. Be3 Kf6 48. Bxh6 gxh6 49. Kxh6 Ne7 50. g7 Kf7 51. Kh7 a5 52. h4 a4 53. h5 Ng8 54. a3 Ne7 55. Kh8 Ng8 56. Kh7 Ne7 57. Kh6 Kf6 58. Kh7 Kf7 1/2-1/2


[Site "https://www.chess.com"]

[Event "Titled Tuesday Blitz May 31 Early 2022"]
[White "Boder, Jan"]
[Black "Durarbayli, Vasif"]
[WhiteFideId "16243226"]
[BlackFideId "13402935"]
[WhiteElo "2064"]
[BlackElo "2528"]
[Result "0-1"]
[Round "03"]
[TimeControl "180+1"]
[Date "2022.05.31"]
[WhiteClock "0:00:02"]
[BlackClock "0:01:10"]

1. c4 Nf6 2. g3 c5 3. Bg2 e6 4. Nf3 d5 5. cxd5 exd5 6. d4 Nc6 7. O-O h6 8. Nc3 Be6 9. Bf4 Rc8 10. Rc1 a6 11. Ne5 Nxd4 12. e4 dxe4 13. Nxe4 Nd5 14. Bd2 Be7 15. Be3 Nxe3 16. fxe3 Nf5 17. Qf3 O-O 18. Bh3 Nd4 19. exd4 Qxd4+ 20. Kg2 Qxb2+ 21. Qf2 Qxe5 0-1


[Site "https://www.chess.com"]